 Dungeon Crawl Stone Soup version 0.19-a0-1883-gc9e4fd8 (webtiles) character file.

261 JeffiDaFish the Sneak (level 5, -2/38 HPs)
             Began as a Vampire Enchanter on Oct 14, 2016.
             Killed from afar by an orc wizard (6 damage)
             ... with a magic dart
             ... on level 3 of the Dungeon.
             The game lasted 00:08:01 (3397 turns).

JeffiDaFish the Sneak (Vampire Enchanter)           Turns: 3397, Time: 00:08:02

Health: -2/38      AC:  3    Str: 16    XL:     5   Next: 96%
Magic:  1/9        EV: 13    Int: 19    God:
Gold:   85         SH:  0    Dex: 15    Spells: 3 memorised, 3 levels left

rFire  . . .     SeeInvis +     i - +3 dagger
rCold  . . .     Gourm    .     b - +1 robe
rNeg   + . .     Faith    .     (no shield)
rPois  .         Spirit   .     (no helmet)
rElec  .         Dismiss  .     (no cloak)
rCorr  .         Reflect  .     (no gloves)
MR     .....     Harm     .     (no boots)
Stlth  +++.......               (no amulet)
                                (no ring)
                                e - +6 ring of strength

@: very slightly contaminated
A: fangs 3, see invisible, clever 1, sense surroundings 1, strong 1, unbreathing
a: Bat Form


You were on level 3 of the Dungeon.
You were not thirsty.

You visited 1 branch of the dungeon, and saw 3 of its levels.

You collected 85 gold pieces.

Inventory:

Hand Weapons
 a - a +1 dagger
 i - a +3 dagger (weapon)
Armour
 b - a +1 robe (worn)
Jewellery
 e - a +6 ring of strength (left hand)
Wands
 f - a wand of random effects (43/48)
Scrolls
 g - 2 scrolls of teleportation
 h - a scroll of blinking
Potions
 d - 17 potions of blood
Books
 c - a book of Maledictions

   Spells                             Type                      Level
   a - Corona                         Hexes                        1
   b - Ensorcelled Hibernation        Hexes/Ice                    2
   c - Confuse                        Hexes                        3
   d - Tukima's Dance                 Hexes                        3
   e - Dazzling Spray                 Conjuration/Hexes            3


   Skills:
 * Level 2.0 Fighting
 + Level 2.5 Short Blades
 + Level 3.3 Dodging
 + Level 5.9 Stealth
 + Level 2.7 Spellcasting
 + Level 5.2 Hexes
 + Level 1.3 Ice Magic


You had 3 spell levels left.
You knew the following spells:

 Your Spells              Type           Power        Failure   Level  Hunger
a - Corona                Hex            ###....      1%          1    None
b - Ensorcelled Hibernat  Hex/Ice        ###...       10%         2    ##.....
c - Confuse               Hex            ###.....     8%          3    ###....


Dungeon Overview and Level Annotations

Branches:
Dungeon (3/15)

Altars:


Innate Abilities, Weirdness & Mutations

You have razor-sharp teeth.
You have supernaturally acute eyesight. (SInv)
You can survive without breathing.
Your mind is acute. (Int +2)
You passively map a small area around you.
Your muscles are strong. (Str +2)


Message History

Casting: Ensorcelled Hibernation
Confirm with . or Enter, or press ? or * to list all spells.
Aiming: Ensorcelled Hibernation
Press: ? - help, Shift-Dir - straight line, f - orc wizard
Aim: an orc wizard, wielding a dagger and wearing a robe (slightly transparent, chance to defeat MR: 46%)
The orc wizard resists with some effort.
The orc wizard hits you with a dagger.
* * * LOW HITPOINT WARNING * * *
You hit the orc wizard but do no damage.
The orc wizard casts a spell.
The orc wizard closely misses you.
You hit the orc wizard.
The orc wizard is lightly wounded.
The orc wizard casts a spell at you.
The magic dart hits the orc wizard.
The orc wizard misses you.
You hit the orc wizard.
The orc wizard is severely wounded.
The orc wizard gestures at you while chanting.
The magic dart hits you!
You die...

*#......#
* *
#......# ,
#......# ,
#......#**
* **
#......# *
.....* , *
,,#.o#* ,
#o# ,, * ,
#@## ,,
#..# *
##.# ,,,,
#.## ,,, ,
#..# *
##.##,
#..# ##.#
, ###.#.#
*


You could see 2 orc wizards.

Vanquished Creatures
  The ghost of mamga the Gusty, an amateur TeAE (D:3)
  An orc priest (D:3)
  Ijyb (D:2)
  Terence (D:2)
  2 adders (D:2)
  A gnoll (D:1)
  An ooze (D:2)
  2 worms (D:2)
  2 dart slugs
  4 leopard geckos
  2 orcs (D:3)
  A giant cockroach (D:2)
  10 goblins
  11 hobgoblins
  5 kobolds
  2 quokkas (D:2)
  9 bats
  4 frilled lizards
  8 rats
68 creatures vanquished.

Notes
Turn   | Place    | Note
-------+----------+-------------------------------------------
     0 | D:1      | JeffiDaFish the Vampire Enchanter began the quest for the Orb.
     0 | D:1      | Reached XP level 1. HP: 13/13 MP: 3/3
   238 | D:1      | Reached XP level 2. HP: 18/19 MP: 5/5
   251 | D:1      | Learned a level 2 spell: Ensorcelled Hibernation
   620 | D:1      | Gained mutation: Your muscles are strong. (Str +2) [potion of mutation]
   620 | D:1      | Gained mutation: You passively map a small area around you. [potion of mutation]
   620 | D:1      | Gained mutation: Your mind is acute. (Int +2) [potion of mutation]
   995 | D:1      | Reached XP level 3. HP: 24/24 MP: 6/6
  1377 | D:1      | Reached skill level 5 in Stealth
  1754 | D:2      | Noticed Ijyb
  1771 | D:2      | Killed Ijyb
  1771 | D:2      | Reached XP level 4. HP: 25/31 MP: 3/7
  2017 | D:2      | Reached skill level 5 in Hexes
  2037 | D:2      | Reached skill level 1 in Fighting
  2464 | D:2      | Noticed Terence
  2467 | D:2      | Killed Terence
  2481 | D:2      | Reached XP level 5. HP: 31/37 MP: 8/8
  2952 | D:2      | Learned a level 3 spell: Confuse
  3188 | D:3      | Noticed mamga's ghost (amateur TeAE)
  3215 | D:3      | Killed mamga's ghost
  3215 | D:3      | Reached skill level 1 in Ice Magic
  3397 | D:3      | Killed from afar by an orc wizard

Vault maps used:
D:1:      grunt_arrival_crossed_arrows
D:2:      kennysheep_generic_room_11, uniq_terence, uniq_iyjb

Skill      XL: |  1  2  3  4  5 |
---------------+----------------+-----
Stealth        | 5 |  5.9
Short Blades   | 2 |  2.5
Hexes          | 5 |  5.2
Fighting       | 1 2 |  2.0
Dodging        | 3 |  3.3
Ice Magic      | 1 |  1.3
Spellcasting   | |  2.7

Action                   |  1- 3 |  4- 6 || total
-------------------------+-------+-------++-------
Melee: Dagger            |   128 |   131 ||   259
       Bite              |     7 |    14 ||    21
 Cast: Ensorcelled Hiber |     2 |     8 ||    10
       Confuse           |       |     1 ||     1
  Use: Scroll            |     4 |     2 ||     6
       Potion            |     3 |     7 ||    10
 Stab: Sleeping          |    10 |    12 ||    22
       Distracted        |     2 |       ||     2
Armor: Robe              |    14 |    28 ||    42
Dodge: Dodged            |    62 |    85 ||   147
